 Dungeon Crawl Stone Soup version 0.23-a0-767-gdc19b93d68 (webtiles) character file.

161 Leibowitz the Covered (level 5, -1/47 HPs)
             Began as a Minotaur Fighter on Jan 25, 2019.
             Slain by Sigmund
             ... wielding a +0 scythe
              (7 damage)
             ... on level 3 of the Dungeon.
             The game lasted 00:03:52 (2135 turns).

Leibowitz the Covered (Minotaur Fighter)            Turns: 2135, Time: 00:03:53

Health: -1/47      AC:  9    Str: 22    XL:     5   Next: 18%
Magic:  3/4        EV: 10    Int:  5    God:
Gold:   142        SH:  0    Dex:  9    Spells: 4/4 levels left

rFire    . . .     SeeInvis .   a - +0 war axe
rCold    . . .     Gourm    .   (no shield)
rNeg     . . .     Faith    +   b - +0 scale mail
rPois    .         Spirit   .   (helmet restricted)
rElec    .         Reflect  .   p - +1 cloak {+Inv}
rCorr    +         Harm     .   (no gloves)
MR       .....                  (no boots)
Stlth    ..........             n - amulet of faith
HPRegen  0.15/turn              l - ring of resist corrosion
MPRegen  0.09/turn              (no ring)

@: very slightly contaminated
A: retaliatory headbutt, horns 2
a: Evoke Invisibility


You were on level 3 of the Dungeon.
You were not hungry.

You visited 1 branch of the dungeon, and saw 3 of its levels.

You collected 142 gold pieces.

Inventory:

Hand Weapons
 a - a +0 war axe (weapon)
Missiles
 h - 4 javelins (quivered)
Armour
 b - a +0 scale mail (worn)
 c - a +0 shield
 p - a +1 cloak of invisibility (worn)
Jewellery
 l - a ring of resist corrosion (left hand)
 n - an amulet of faith (around neck)
Scrolls
 e - 3 scrolls of amnesia {unknown}
 g - a scroll of enchant weapon {unknown}
 i - 4 scrolls of magic mapping {unknown}
 j - a scroll of identify {unknown}
 k - a scroll of teleportation {unknown}
 m - a scroll of blinking {unknown}
Potions
 d - 2 potions of might
 o - a potion of flight {unknown}
Comestibles
 f - 3 rations
 q - 4 chunks of flesh


   Skills:
 * Level 4.5 Fighting
 * Level 4.3 Axes
 * Level 4.9 Armour
 * Level 1.7 Dodging
 - Level 3.6 Shields


You had 4 spell levels left.
You didn't know any spells.
Your spell library was empty.

Dungeon Overview and Level Annotations

Branches:
Dungeon (3/15)

Altars:

Annotations:
D:3 Sigmund


Innate Abilities, Weirdness & Mutations

You reflexively headbutt those who attack you in melee.
You have a pair of horns on your head.


Message History

The jackal barks!
Your headbutt misses something. You hit the plant.
You strike the helpless jackal from behind!
You hit the jackal. You hit the bush but do no damage.
You flicker back into view.
The jackal barks! x2
The jackal bites you but does no damage.
The jackal barely misses you. Something hits you.
* * * LOW HITPOINT WARNING * * *
The jackal barely misses you.
You miss something. You hit the plant but do no damage.
You hit the jackal but do no damage. You miss the jackal.
You hit the bush but do no damage. The jackal barely misses you.
You furiously retaliate!
You headbutt the jackal, but do no damage.
The jackal bites the plant but does no damage.
The jackal barely misses you. You furiously retaliate!
You headbutt the jackal!
You kill the jackal!
Something hits you!
You die...

#...............#.#.##
#.....PP÷PP..<..#.#..#
#....PP.♣P......#.....
#..P♣))♣♣♣.♣P#######..
#..P.♣♣♣ ♣.♣P# ......
#...P.♣♣ ♣♣..# #.####.
#....♣.♣ P.# ##
#.....P♣ P.# ...
#....@h♣ . ....
#####P.♣ .... ##h..
.... ..... ... .......
....... .......
......>


You could see 2 jackals.

Vanquished Creatures
  An orc wizard (D:3)
  Crazy Yiuf (D:2)
  3 adders
  An ooze (D:1)
  A worm (D:3)
  A dart slug (D:1)
  8 orcs (D:3)
  4 giant cockroaches
  4 goblins
  4 hobgoblins
  16 jackals
  3 bats (D:1)
  5 frilled lizards
  5 rats
57 creatures vanquished.

Notes
Turn   | Place    | Note
-------+----------+-------------------------------------------
     0 | D:1      | Leibowitz the Minotaur Fighter began the quest for the Orb.
     0 | D:1      | Reached XP level 1. HP: 19/19 MP: 0/0
   151 | D:1      | Reached XP level 2. HP: 27/27 MP: 1/1
   648 | D:1      | Reached skill level 1 in Dodging
   930 | D:2      | Reached XP level 3. HP: 32/33 MP: 2/2
  1251 | D:2      | Found a runed door.
  1521 | D:2      | Noticed Crazy Yiuf
  1526 | D:2      | Killed Crazy Yiuf
  1526 | D:2      | Reached XP level 4. HP: 3/41 MP: 3/3
  2046 | D:3      | Reached XP level 5. HP: 30/47 MP: 4/4
  2119 | D:3      | Noticed Sigmund
  2135 | D:3      | Slain by Sigmund

Vault maps used:
D:1:      evilmike_arrival_crescent
D:2:      minmay_misc_feat_columns, uniq_crazy_yiuf_cottage
D:3:      minitemple, serial_forest, infiniplex_forest_clump_C,
          infiniplex_forest_clump_diagonal, infiniplex_forest_straight_4,
          infiniplex_forest_lined_2, infiniplex_forest_straight_2,
          infiniplex_forest_clump_large, uniq_sigmund, uniq_natasha

Skill      XL: |  1  2  3  4 |
---------------+-------------+-----
Armour         | 4 |  4.9
Fighting       | 4 |  4.5
Dodging        | 1 |  1.7
Axes           | 3 4 |  4.3
Shields        | |  3.6

Action                   |  1- 3 |  4- 6 || total
-------------------------+-------+-------++-------
Melee: War axe           |    55 |    53 ||   108
       Headbutt          |     7 |     6 ||    13
 Abil: Evoke Invisibilit |       |     1 ||     1
 Stab: Invisible         |       |     1 ||     1
  Eat: Chunk             |     2 |     2 ||     4
Armor: Scale mail        |    26 |    35 ||    61
Dodge: Dodged            |    34 |    39 ||    73

Table legend:
 A = Non-vault XP
 B = Vault XP
 C = Vault XP percentage of total XP
 D = Non-vault monster count
 E = Vault monster count
 F = Vault count percentage of total count
                 A         B        C        D         E       F
            +---------+---------+-------+---------+---------+-------
      Total |     190 |      40 |  17.4 |      56 |       1 |   1.8
            +---------+---------+-------+---------+---------+-------
        D:1 |      40 |       0 |   0.0 |      21 |       0 |   0.0
        D:2 |      43 |      40 |  48.2 |      12 |       1 |   7.7
        D:3 |     107 |       0 |   0.0 |      23 |       0 |   0.0
            +---------+---------+-------+---------+---------+-------
